 Dungeon Crawl Stone Soup version 0.28.0-53-g5a82cb258f (webtiles) character file.

Game seed: 165699521203506803

3169 Zeld the Destroyer (level 9, -1/62 HPs)
             Began as a Yellow Draconian Conjurer on June 14, 2022.
             Was an Initiate of Gozag.
             Slain by an orc warrior
             ... wielding a +0 glaive
              (15 damage)
             ... on level 7 of the Dungeon.
             The game lasted 00:10:16 (11453 turns).

Zeld the Destroyer (Yellow Draconian Conjurer)     Turns: 11453, Time: 00:10:17

Health: -1/62      AC:  7    Str: 10    XL:     9   Next: 63%
Magic:  11/19      EV: 12    Int: 22    God:    Gozag
Gold:   380        SH:  0    Dex: 10    Spells: 11/22 levels left

rFire   . . .      SeeInvis .   c - +3 whip
rCold   . . .      Faith    .   (no shield)
rNeg    . . .      Spirit   .   (armour unavailable)
rPois   .          Reflect  .   (helmet restricted)
rElec   .          Harm     .   (no cloak)
rCorr   +          Rampage  .   (no gloves)
Will    .....                   (no boots)
Stlth   ++........              (no amulet)
HPRegen 0.20/turn               (no ring)
MPRegen 0.16/turn               (no ring)

@: gold aura
A: spit acid, AC +7, unfitting armour, cold-blooded, acid resistance
a: Breathe Acid, Renounce Religion, Potion Petition, Call Merchant, Bribe Branch


You were on level 7 of the Dungeon.
You worshipped Gozag.
Gozag was aware of your devotion.
You visited 2 branches of the dungeon, and saw 8 of its levels.

You collected 438 gold pieces.
You paid 58 gold pieces to Gozag.

Inventory:

Hand Weapons
 c - a +3 whip (weapon)
Missiles
 e - 11 poisoned darts
 f - 62 bolts
 p - 5 atropa-tipped darts
 t - 3 curare-tipped darts
Scrolls
 b - 3 scrolls of teleportation {unknown}
 d - a scroll of torment {unknown}
 h - 5 scrolls of identify {unknown}
 l - 2 scrolls of enchant weapon {unknown}
 o - a scroll of immolation {unknown}
 s - a scroll of fog {unknown}
 u - a scroll of brand weapon {unknown}
Potions
 a - a potion of attraction {unknown}
 g - a potion of flight {unknown}
 i - a potion of cancellation {unknown}
 j - 2 potions of brilliance {unknown}
 k - a potion of haste {unknown}
 m - 3 potions of might {unknown}
 n - a potion of mutation {unknown}
 q - 3 potions of curing {unknown}
 r - a potion of resistance {unknown}
 v - a potion of berserk rage {unknown}
 w - a potion of magic {unknown}
 x - a potion of degeneration {unknown}


   Skills:
 - Level 1.7 Dodging
 - Level 1.7 Stealth
 + Level 7.0 Spellcasting
 + Level 8.4 Conjurations
 - Level 2.0 Hexes
 - Level 2.0 Translocations
 * Level 7.9 Air Magic


You had 11 spell levels left.
You knew the following spells:

 Your Spells              Type           Power      Damage    Failure   Level
a - Magic Dart            Conj           100%       1d8       1%          1
b - Searing Ray           Conj           90%        2d7       1%          2
c - Fulminant Prism       Conj/Hex       15%        3d11      10%         4
d - Iskenderun's Mystic   Conj/Tloc      30%        2d8       10%         4

Your spell library contained the following spells:

 Spells                   Type           Power      Damage    Failure   Level
 Dazzling Flash           Conj/Hex       60%        N/A       2%          3
 Animate Skeleton         Necr           14%        N/A       9%          1
 Beastly Appendage        Tmut           14%        N/A       9%          1
 Wereblood                Tmut           7%         N/A       12%         2
 Spider Form              Tmut/Pois      7%         N/A       24%         3
 Freezing Cloud           Conj/Ice/Air   15%        6-21      24%         5
 Simulacrum               Ice/Necr       3%         N/A       100%        6
 Infestation              Necr           3%         N/A       100%        8
 Necromutation            Tmut/Necr      3%         N/A       100%        8
 Polar Vortex             Ice            3%         N/A       100%        9


Dungeon Overview and Level Annotations

Branches:
Dungeon (7/15)             Temple (1/1) D:5

Altars:
Ashenzari
Cheibriados
Dithmenos
Fedhas
Gozag
Hepliaklqana
Kikubaaqudgha
Makhleb
Nemelex Xobeh
Okawaru
Qazlal
Ru
Sif Muna
Trog
Uskayaw
Vehumet
Wu Jian
Xom
Yredelemnul
Zin
The Shining One

Shops:
D:3 (


Innate Abilities, Weirdness & Mutations

You can spit globs of acid.
Your golden yellow scales are hard. (AC +7)
You cannot fit into any form of body armour.
You are cold-blooded and may be slowed by cold attacks.
You are resistant to acid. (rCorr)


Message History

There is a stone staircase leading up here.
The kobold hits you with a +0 club.
The orc warrior hits you from afar with a +0 trident!
The orc warrior hits you from afar with a +0 glaive!!
Things that are here:
7 gold pieces; a +0 club Unknown command.
Casting: Searing Ray (safe; 1% risk of failure)
Confirm with . or Enter, or press ? or * to list all spells.
You erupt in a blast of force!
The mystic blast hits the orc warrior but does no damage.
The mystic blast hits the orc warrior.
The orc warrior is lightly wounded.
The orc warrior is knocked back by the mystic blast.
The orc warrior collides with the kobold!
You kill the kobold!
The orc warrior is lightly wounded.
The mystic blast hits the kobold but does no damage.
The kobold completely misses you.
The orc warrior hits you from afar with a +0 trident.
The kobold hits you but does no damage.
The orc warrior hits you from afar with a +0 trident!
* * * LOW HITPOINT WARNING * * *
The orc warrior barely misses you. The kobold barely misses you.
There is a stone staircase leading up here.
Casting: Iskenderun's Mystic Blast (dangerous; 10% risk of failure)
Confirm with . or Enter, or press ? or * to list all spells.
You erupt in a blast of force!
The mystic blast hits the orc warrior.
The orc warrior is moderately wounded.
The orc warrior is knocked back by the mystic blast.
The orc warrior slams into the rock wall!
The mystic blast hits the orc warrior but does no damage.
The orc warrior is lightly wounded.
The mystic blast hits the kobold!
You kill the kobold!
The mystic blast hits the kobold!
You kill the kobold!
The orc warrior hits you from afar with a +0 glaive!
You die...
Your body crumbles into a pile of gold.

.### #...### ##..
###.#.( #..# #....#
...## #.#.## ...###
#..#... #o...#
###..##..#
#o##.####....# #..#
#######$##.....(###
####
.......$@$..#..##
#######.##.###.###
#o#### #...#####
#$# ###.....# ..#
#####.#### ..#
#######..##. ....
............ ....
########..#. ?...#
##.).


You could see 2 orc warriors and an orc.

Vanquished Creatures
  Grinder (D:6)
  Prince Ribbit (D:6)
  Eustachio (D:4)
  2 steam dragons
  Menkaure (D:6)
  2 water moccasins
  An orc warrior (D:7)
  2 ice beasts
  A sky beast (D:5)
  A black bear (D:4)
  2 ogres
  A centaur (D:4)
  3 necrophages
  A phantom (D:4)
  A kobold brigand (D:6)
  A bullfrog (D:5)
  A water moccasin zombie (D:5)
  3 scorpions
  A centaur zombie (D:6)
  A centaur skeleton (D:7)
  A bullfrog skeleton (D:5)
  2 hounds
  4 orc priests
  3 iguanas
  3 orc wizards
  A hound skeleton (D:4)
  A howler monkey skeleton (D:5)
  10 adders
  4 gnolls (D:3)
  An ufetubus (D:6)
  A worm (D:3)
  A dart slug (D:4)
  12 orcs
  A bat zombie (D:5)
  4 endoplasms
  3 giant cockroaches
  7 goblins
  7 hobgoblins
  3 jackals (D:1)
  15 kobolds
  3 quokkas
  2 ball pythons
  3 bats (D:2)
  A frilled lizard (D:2)
  4 rats
  2 rat zombies (D:5)
127 creatures vanquished.

Vanquished Creatures (others)
  2 fulminant prisms
  A plant (D:3)
3 creatures vanquished.

Grand Total: 130 creatures vanquished

Notes
Turn   | Place    | Note
-------+----------+-------------------------------------------
     0 | D:1      | Zeld the Draconian Conjurer began the quest for the Orb.
     0 | D:1      | Reached XP level 1. HP: 14/14 MP: 3/3
   342 | D:1      | Reached XP level 2. HP: 16/20 MP: 0/5
   407 | D:1      | Learned a level 2 spell: Searing Ray
   458 | D:1      | Reached skill level 1 in Translocations
   826 | D:1      | Reached skill level 1 in Hexes
  1249 | D:1      | Got the Papyrus of Evil
  1424 | D:2      | Reached XP level 3. HP: 22/26 MP: 6/6
  2440 | D:3      | Reached XP level 4. HP: 33/33 MP: 7/7
  2446 | D:3      | Found Ullanoj's Antique Weapon Emporium.
  2511 | D:3      | Learned a level 4 spell: Fulminant Prism
  2738 | D:3      | Found a large runed translucent door.
  2739 | D:3      | Found a large runed translucent door.
  2740 | D:3      | Found a shimmering altar of Xom.
  3142 | D:3      | Reached XP level 5. HP: 38/38 MP: 2/9
  3749 | D:4      | Reached skill level 5 in Conjurations
  3751 | D:4      | Noticed an ogre
  3818 | D:3      | Killed an ogre
  3819 | D:3      | Reached XP level 6. HP: 44/45 MP: 1/11
  3906 | D:3      | Learned a level 4 spell: Iskenderun's Mystic Blast
  4301 | D:4      | Reached skill level 6 in Conjurations
  4394 | D:4      | Your scales start taking on a golden yellow colour.
  4394 | D:4      | Reached XP level 7. HP: 43/50 MP: 4/14
  4394 | D:4      | Gained mutation: You are resistant to acid. (rCorr) [Yellow
                  | Draconian growth]
  4572 | D:4      | Found an ornate altar of the Wu Jian Council.
  4624 | D:4      | Reached skill level 1 in Air Magic
  4878 | D:4      | Noticed Eustachio
  4893 | D:4      | Killed Eustachio
  4894 | D:4      | Reached skill level 5 in Spellcasting
  5509 | D:5      | Entered Level 5 of the Dungeon
  5674 | D:5      | Reached XP level 8. HP: 39/57 MP: 6/16
  5997 | D:5      | Found a staircase to the Ecumenical Temple.
  6008 | D:5      | Reached skill level 7 in Conjurations
  6178 | Temple   | Entered the Ecumenical Temple
  6784 | D:5      | Found a sacrificial altar of Ru.
  6784 | D:5      | Found a glowing golden altar of the Shining One.
  6785 | D:5      | Found an iron altar of Okawaru.
  7093 | D:5      | Reached skill level 5 in Air Magic
  7214 | D:5      | Found an ancient bone altar of Kikubaaqudgha.
  7299 | D:5      | Found a snail-covered altar of Cheibriados.
  7820 | D:6      | Noticed Prince Ribbit
  7828 | D:6      | Killed Prince Ribbit
  8312 | D:6      | Found an opulent altar of Gozag.
  8344 | D:6      | Noticed Grinder
  8357 | D:6      | Became a worshipper of Gozag Ym Sagoz the Greedy
  8571 | D:6      | Found a burning altar of Makhleb.
  8596 | D:6      | Noticed Menkaure
  8601 | D:6      | Killed Menkaure
  8602 | D:6      | Reached XP level 9. HP: 62/62 MP: 14/18
  8624 | D:6      | Paralysed by Grinder for 5 turns
  8952 | D:6      | Paralysed by Grinder for 3 turns
  9232 | D:6      | Killed Grinder
  9233 | D:6      | Reached skill level 8 in Conjurations
 10987 | D:7      | Identified the +6 dagger of Kesh {distort, Str+3}
 11453 | D:7      | Slain by an orc warrior

Illustrated notes

Levels and vault maps discovered:
D:1:      minmay_arrival_plants_in_alcoves, layout_basic
D:2:      layout_loops_ring
D:3:      due_chaos_kobolds, layout_basic, serial_shops,
          nicolae_shop_overgrown_old_shop, st_stairs_10, kennysheep_donut,
          minmay_tree_intersection, kennysheep_cluttered_room
D:4:      layout_gridville, nicolae_wu_jian_immortal_techniques, uniq_eustachio
D:5:      layout_loops_ring, marbit_many_paths, gammafunk_temple_overflow_claw,
          lemuel_zombie_altar_kikubaaqudgha, minmay_temple_entry_proselytizer
D:6:      layout_layer_cave, grunt_gozag_statues, lemuel_round_altar,
          uniq_prince_ribbit1, uniq_menkaure, uniq_grinder
D:7:      layout_rooms
Temple:   dshaligram_water_room_temple

Skill      XL: |  1  2  3  4  5  6  7  8  9 |
---------------+----------------------------+-----
Translocations | 1 2 |  2.0
Hexes          | 1 2 |  2.0
Spellcasting   | 3 4 5 6 7 |  7.0
Conjurations   | 5 6 7 8 |  8.4
Air Magic      | 3 6 7 |  7.9
Dodging        | |  1.7
Stealth        | |  1.7

Action                   |  1- 3 |  4- 6 |  7- 9 || total
-------------------------+-------+-------+-------++-------
Melee: Unarmed           |    57 |       |       ||    57
       Tailslap          |    13 |     3 |    24 ||    40
       Whip              |    42 |    12 |    81 ||   135
       Punch             |     1 |       |     2 ||     3
 Cast: Magic Dart        |    46 |     7 |     3 ||    56
       Searing Ray       |     2 |    20 |    36 ||    58
       Fulminant Prism   |       |     1 |     1 ||     2
       Iskenderun's Myst |       |       |    49 ||    49
 Abil: Breathe Acid      |       |       |    13 ||    13
 Stab: Sleeping          |     2 |       |       ||     2
Armor: Skin              |    45 |    10 |    66 ||   121
Dodge: Dodged            |    90 |    26 |   118 ||   234
